Map: Oxide LE

Players

RiSky - Winner!

  • Race: Zerg Zerg

TeebuL

  • Race: Protoss Protoss

Event: DreamHack SC2 Masters 2021 Winter

VOD

Have the link to the VOD?

Description

Time

  • Played on: Sept. 29, 2021, 6:19 a.m.
  • Length: 26:13

All games in this series

Show
View Real Time Build Order
Export as new Build Order

RiSky Zerg - Winner!

Build Orders: Hatch First 

Get SALT Encoding   

  12  0:00  Drone  
  13  0:12  Overlord  
  13  0:16  Drone  
  14  0:30  Drone x2  
  16  0:42  Drone  
  17  0:51  Hatchery  
  17  0:55  Drone  
  17  0:58  Drone  
  18  1:09  Extractor  
  17  1:14  Spawning Pool  
  17  1:16  Drone  
  17  1:19  Drone  
  18  1:27  Drone  
  19  1:39  Drone  
  20  1:51  Overlord  
  20  2:01  Zergling x2  
  21  2:02  Queen  
  21  2:03  Zergling x2, Queen  
  26  2:11  Drone  
  26  2:14  Drone  
  26  2:15  Metabolic Boost  
  28  2:23  Drone  
  28  2:26  Drone  
  30  2:32  Drone  
  31  2:37  Drone  
  31  2:42  Hatchery  
  31  2:48  Queen  
  33  2:52  Overlord  
  33  2:55  Drone  
  34  3:00  Drone x2  
  36  3:11  Drone x2  
  38  3:13  Drone  
  38  3:14  Drone  
  38  3:18  Drone  
  41  3:21  Drone, Overlord  
  41  3:24  Queen  
  44  3:32  Overlord  
  44  3:39  Queen  
  46  3:43  Drone  
  46  3:44  Drone x5  
  52  3:50  Overlord  
  52  3:57  Zergling x4  
  52  3:58  Overlord  
  52  3:59  Overlord  
  52  4:00  Queen  
  56  4:03  Spore Crawler  
  56  4:06  Spore Crawler  
  54  4:13  Drone x4  
  54  4:15  Drone  
  58  4:18  Spore Crawler  
  58  4:21  Overlord  
  57  4:24  Zergling x2  
  57  4:26  Zergling x2  
  59  4:32  Drone x3, Roach Warren  
  59  4:38  Drone x3  
  63  4:39  Drone x2  
  66  4:48  Drone x2, Lair  
  66  4:52  Drone  
  69  4:58  Extractor  
  69  4:59  Drone  
  68  5:01  Drone, Extractor  
  68  5:02  Extractor  
  68  5:03  Drone, Extractor  
  68  5:04  Drone x2  
  68  5:06  Drone  
  69  5:13  Drone x2, Overlord  
  71  5:16  Roach x3  
  71  5:17  Queen x2  
  81  5:22  Roach  
  81  5:24  Overlord x2  
  81  5:26  Extractor  
  81  5:28  Roach  
  83  5:34  Roach  
  83  5:35  Overlord  
  85  5:39  Roach x2  
  89  5:43  Drone x3  
  89  5:44  Overlord  
  89  5:45  Drone x3  
  89  5:49  Drone  
  96  5:50  Drone x2  
  96  5:52  Drone  
  96  5:54  Drone  
  100  5:57  Drone  
  100  5:58  Glial Reconstitution  
  100  5:59  Hatchery  
  100  6:02  Evolution Chamber  
  100  6:04  Zergling x8  
  103  6:17  Roach x3  
  102  6:20  Roach x3  
  105  6:32  Zergling x6  
  95  6:41  Drone x4  
  95  6:46  Drone  
  100  6:52  Drone x2  
  102  6:56  Drone x4  
  102  6:57  Drone  
  102  7:00  Drone  
  108  7:05  Overseer  
  108  7:07  Overseer  
  106  7:10  Drone  
  106  7:11  Overseer  
  106  7:19  Drone x3  
  106  7:20  Drone x7  
  107  7:32  Drone x6  
  107  7:36  Drone x3  
  117  7:37  Drone  
  117  7:39  Spore Crawler  
  117  7:40  Drone  
  117  7:42  Spore Crawler  
  117  7:44  Drone  
  117  7:48  Drone  
  117  7:49  Drone  
  119  7:52  Drone  
  116  8:00  Drone  
  116  8:03  Drone  
  116  8:04  Extractor  
  111  8:07  Drone x2  
  111  8:09  Drone x10  
  121  8:16  Zerg Melee Weapons Level 1  
  121  8:17  Queen x2  
  125  8:28  Hydralisk Den  
  125  8:31  Overlord  
  124  8:37  Extractor, Overlord x6  
  123  8:43  Overlord  
  123  8:45  Pneumatized Carapace  
  123  8:48  Overlord x2  
  123  8:58  Muscular Augments  
  123  8:59  Drone x2  
  123  9:00  Drone x9  
  134  9:08  Queen  
  134  9:09  Queen x2  
  140  9:11  Hydralisk x7  
  140  9:13  Hydralisk  
  156  9:18  Hydralisk  
  156  9:19  Spore Crawler  
  156  9:20  Spore Crawler  
  156  9:29  Hydralisk x3  
  162  9:34  Hatchery  
  162  9:36  Hydralisk x5  
  171  9:42  Hydralisk x3  
  177  9:48  Hydralisk x3  
  182  10:00  Overlord x2  
  182  10:06  Infestation Pit, Overlord  
  177  10:10  Grooved Spines  
  177  10:14  Overlord x3  
  177  10:17  Overlord  
  177  10:23  Overlord x2  
  177  10:27  Hydralisk  
  177  10:28  Hydralisk x9  
  197  10:36  Zerg Missile Weapons Level 1  
  196  10:55  Hive  
  194  11:07  Evolution Chamber  
  194  11:10  Overseer  
  194  11:11  Overseer x2  
  193  11:13  Spore Crawler  
  192  11:29  Spore Crawler x2  
  192  11:30  Spore Crawler x4  
  164  11:49  Drone x18  
  157  12:01  Hydralisk x10  
  175  12:08  Viper x4  
  175  12:13  Extractor  
  175  12:14  Extractor  
  185  12:15  Hydralisk x2  
  185  12:16  Hydralisk, Spine Crawler  
  185  12:20  Spine Crawler  
  185  12:21  Spire  
  185  12:22  Zerg Ground Armor Level 1  
  188  12:23  Spire  
  188  12:25  Hydralisk x5  
  197  12:33  Zerg Missile Weapons Level 2  
  197  12:38  Spine Crawler  
  197  12:40  Spine Crawler  
  197  12:41  Hatchery  
  194  12:54  Hydralisk  
  194  12:55  Hydralisk x2  
  199  12:59  Overseer  
  189  13:20  Hydralisk x5  
  193  13:39  Zerg Flyer Weapons Level 1, Zerg Flyer Armor Level 1  
  151  14:25  Corruptor x20  
  151  14:27  Viper  
  151  14:28  Viper x2  
  200  14:44  Overseer  
  200  14:45  Lurker Den  
  195  14:55  Hydralisk x2  
  199  15:05  Spine Crawler  
  199  15:06  Spine Crawler  
  199  15:07  Spine Crawler, Spore Crawler, Extractor x2  
  193  15:21  Hatchery  
  188  15:28  Hydralisk x6  
  188  15:33  Drone  
  188  15:34  Spine Crawler  
  198  15:35  Spine Crawler  
  198  15:39  Zerg Flyer Armor Level 2, Zerg Flyer Weapons Level 2  
  197  15:50  Zerg Ground Armor Level 2, Zerg Melee Weapons Level 2  
  197  15:52  Ultralisk Cavern  
  194  16:00  Queen  
  194  16:03  Queen  
  198  16:11  Drone x2  
  198  16:25  Drone x10  
  198  16:41  Chitinous Plating  
  192  16:54  Drone x4  
  187  16:59  Ultralisk  
  195  17:05  Spore Crawler  
  195  17:06  Spore Crawler  
  191  17:14  Viper x3  
  188  17:23  Ultralisk x2  
  196  17:38  Queen  
  196  17:39  Queen  
  196  17:42  Spore Crawler  
  187  17:48  Drone x7  
  188  17:52  Hatchery  
  187  17:59  Anabolic Synthesis  
  187  18:02  Drone  
  186  18:14  Zerg Melee Weapons Level 3, Zerg Ground Armor Level 3  
  186  18:19  Zerg Flyer Weapons Level 3, Greater Spire  
  186  18:51  Spore Crawler x2  
  186  18:52  Spore Crawler  
  186  18:53  Drone x7, Spore Crawler  
  186  18:54  Drone, Spore Crawler  
  186  18:55  Drone x3, Spore Crawler x3  
  189  19:06  Spore Crawler  
  180  19:34  Brood Lord x10  
  180  19:36  Infestor x2  
  198  19:42  Infestor x2  
  200  20:12  Spore Crawler  
  200  20:13  Spore Crawler x4  
  190  20:15  Spore Crawler x2  
  184  20:31  Hatchery  
  184  20:33  Zergling x28  
  197  20:39  Infestor x2  
  199  20:45  Spine Crawler  
  199  20:46  Spine Crawler  
  196  21:07  Infestor x2  
  198  21:32  Adrenal Glands  
  198  21:39  Zerg Flyer Armor Level 3  
  196  21:48  Corruptor x2  
  200  21:54  Neural Parasite  
  200  22:01  Corruptor x2  
  195  22:32  Corruptor x2  
  199  22:41  Spore Crawler  
  199  22:42  Spore Crawler  
  197  23:00  Overseer  
  196  23:06  Brood Lord  
  198  23:14  Pathogen Glands  
  198  23:21  Corruptor  
  195  23:54  Corruptor x3  
  192  24:22  Queen x2  
  196  24:31  Brood Lord  
  184  24:32  Brood Lord  
  185  24:41  Ultralisk x2  
  197  24:46  Brood Lord  
  197  24:53  Hatchery  
  197  24:54  Spine Crawler  
  197  24:55  Spine Crawler x2, Spore Crawler  
  192  25:01  Spore Crawler  
  192  25:03  Spine Crawler x2  
  189  25:07  Spine Crawler  
  188  25:20  Queen x2, Extractor  
  191  25:21  Extractor  
  180  26:04  Hatchery, Spore Crawler x2  
  197  26:05  Spore Crawler x2  
Show
View Real Time Build Order
Export as new Build Order

TeebuL Protoss 

Build Orders: 1 Gate Expand 

Get SALT Encoding   

  12  0:00  Probe  
  13  0:12  Probe  
  14  0:19  Pylon  
  14  0:24  Probe (Chrono Boost)  
  15  0:38  Probe (Chrono Boost)  
  15  0:40  Gateway  
  16  0:45  Probe (Chrono Boost)  
  17  0:52  Probe  
  17  0:55  Assimilator  
  18  1:04  Probe  
  19  1:16  Probe  
  20  1:26  Nexus  
  20  1:36  Cybernetics Core  
  20  1:38  Probe  
  21  1:46  Assimilator  
  21  1:50  Probe  
  21  1:53  Pylon  
  22  2:02  Probe  
  23  2:10  Adept (Chrono Boost)  
  23  2:15  Probe  
  26  2:25  Stargate  
  26  2:27  Probe (Chrono Boost)  
  27  2:33  Adept  
  27  2:34  Warp Gate  
  29  2:38  Probe (Chrono Boost)  
  31  2:45  Probe (Chrono Boost)  
  31  2:47  Probe (Chrono Boost)  
  33  2:52  Probe x2 (Chrono Boost)  
  33  3:00  Void Ray (Chrono Boost)  
  33  3:03  Probe  
  33  3:04  Probe  
  35  3:06  Gateway  
  39  3:15  Probe  
  39  3:16  Probe  
  39  3:19  Pylon  
  41  3:27  Probe  
  41  3:28  Void Ray (Chrono Boost), Probe  
  43  3:39  Probe  
  43  3:40  Probe  
  49  3:51  Probe  
  49  3:52  Twilight Council, Probe  
  51  3:55  Gateway  
  51  3:57  Gateway  
  51  4:00  Pylon  
  51  4:13  Probe  
  51  4:14  Probe  
  53  4:27  Nexus  
  53  4:28  Adept x2  
  53  4:29  Resonating Glaives (Chrono Boost), Pylon  
  57  4:34  Probe  
  57  4:37  Probe  
  59  4:43  Assimilator  
  59  4:45  Assimilator  
  59  4:46  Probe  
  59  4:48  Adept x2  
  64  4:53  Probe  
  64  4:54  Adept x2  
  64  4:58  Probe  
  64  4:59  Pylon  
  70  5:00  Pylon  
  70  5:14  Shield Battery  
  70  5:18  Dark Shrine  
  70  5:20  Adept x3  
  76  5:21  Adept  
  76  5:25  Probe  
  76  5:26  Probe  
  80  5:40  Shield Battery  
  80  5:43  Adept x4  
  80  5:48  Probe x2  
  90  5:57  Forge  
  90  6:08  Probe  
  91  6:17  Probe (Chrono Boost)  
  91  6:18  Probe (Chrono Boost)  
  85  6:19  Stargate  
  85  6:20  Probe (Chrono Boost)  
  85  6:22  Stargate  
  82  6:28  Probe (Chrono Boost)  
  82  6:29  Probe (Chrono Boost)  
  82  6:31  Probe (Chrono Boost)  
  81  6:33  Probe (Chrono Boost)  
  81  6:38  Dark Templar x3  
  80  6:44  Probe  
  80  6:46  Dark Templar  
  83  6:47  Probe x2  
  83  6:48  Assimilator  
  83  6:50  Assimilator  
  79  7:00  Probe  
  76  7:04  Photon Cannon x2  
  76  7:05  Void Ray x2 (Chrono Boost), Pylon  
  76  7:07  Probe  
  77  7:09  Probe  
  86  7:16  Void Ray (Chrono Boost)  
  86  7:18  Probe  
  86  7:19  Photon Cannon, Probe  
  86  7:20  Photon Cannon  
  86  7:21  Probe  
  86  7:22  Shield Battery  
  91  7:30  Probe  
  91  7:31  Photon Cannon  
  91  7:32  Photon Cannon  
  91  7:33  Photon Cannon  
  88  7:40  Void Ray (Chrono Boost)  
  88  7:42  Shield Battery  
  88  7:43  Oracle (Chrono Boost)  
  88  7:44  Photon Cannon  
  88  7:46  Pylon  
  95  7:51  Adept x3  
  95  7:55  Adept  
  103  8:04  Photon Cannon  
  99  8:06  Photon Cannon  
  99  8:07  Void Ray (Chrono Boost)  
  99  8:14  Void Ray (Chrono Boost)  
  99  8:18  Void Ray (Chrono Boost)  
  107  8:30  Pylon  
  107  8:32  Pylon x2  
  109  8:36  Dark Templar x3  
  115  8:41  Shield Battery  
  115  8:44  Pylon, Shield Battery  
  115  8:45  Pylon  
  115  8:46  Pylon x2  
  115  8:54  Void Ray x2 (Chrono Boost)  
  117  9:11  Void Ray (Chrono Boost)  
  117  9:18  Robotics Facility  
  117  9:21  Robotics Facility  
  121  9:27  Nexus  
  121  9:28  Pylon  
  121  9:32  Protoss Air Weapons Level 1 (Chrono Boost)  
  121  9:35  Void Ray  
  125  9:47  Void Ray x2  
  133  10:06  Robotics Bay  
  129  10:13  Observer  
  126  10:15  Immortal  
  126  10:20  Sentry  
  132  10:22  Zealot x2, Sentry  
  137  10:42  Pylon  
  137  10:52  Disruptor (Chrono Boost)  
  137  10:53  Disruptor (Chrono Boost)  
  143  11:00  Dark Templar x2  
  146  11:05  Photon Cannon  
  146  11:06  Photon Cannon  
  146  11:07  Photon Cannon  
  146  11:09  Shield Battery  
  146  11:22  Disruptor (Chrono Boost)  
  145  11:25  Sentry x2  
  149  11:39  Zealot x2  
  153  11:42  Disruptor (Chrono Boost)  
  154  11:57  Zealot x2  
  154  11:58  Protoss Ground Weapons Level 1 (Chrono Boost)  
  146  12:08  Charge (Chrono Boost)  
  144  12:11  Gateway, Disruptor  
  144  12:12  Gateway  
  144  12:13  Gateway  
  144  12:14  Gateway  
  144  12:15  Pylon  
  147  12:16  Gateway, Observer  
  147  12:18  Nexus, Pylon  
  147  12:19  Pylon x2  
  147  12:26  Dark Templar  
  149  12:30  Dark Templar  
  149  12:35  Zealot x2  
  155  12:39  Fleet Beacon  
  153  12:46  Pylon  
  152  13:03  Templar Archives  
  150  13:15  Zealot x9  
  150  13:17  Nexus  
  141  13:40  Zealot x9  
  158  13:50  Colossus  
  156  13:58  Nexus  
  156  14:01  Nexus  
  140  14:03  Observer  
  140  14:05  Carrier x2  
  140  14:06  Carrier  
  155  14:21  Zealot x9  
  169  14:26  Pylon  
  169  14:28  Pylon  
  169  14:30  Observer  
  170  14:38  Protoss Air Weapons Level 2 (Chrono Boost)  
  170  14:44  Zealot x9  
  188  14:50  Psionic Storm  
  188  14:55  Protoss Ground Weapons Level 2 (Chrono Boost)  
  188  15:06  High Templar x5  
  180  15:24  Photon Cannon, Observer  
  180  15:25  Photon Cannon  
  180  15:27  Shield Battery  
  180  15:28  High Templar x2  
  182  15:33  Archon  
  178  15:41  Photon Cannon  
  178  15:49  Archon x2  
  178  15:52  High Templar  
  178  15:53  High Templar  
  181  16:00  High Templar  
  181  16:01  Zealot x5  
  181  16:02  Zealot  
  196  16:04  Observer  
  196  16:05  Observer  
  197  16:14  Assimilator  
  197  16:15  Assimilator  
  195  16:32  Zealot x2  
  195  16:44  Zealot x2  
  191  16:59  Zealot x7  
  191  17:00  Void Ray x2  
  191  17:05  Pylon  
  191  17:06  Nexus  
  183  17:17  Dark Templar x2  
  177  17:28  Zealot x5  
  177  17:29  Zealot  
  189  17:34  High Templar  
  179  17:51  High Templar x5  
  185  17:56  Probe, Pylon  
  185  17:57  Probe x2, Pylon  
  185  17:58  Probe  
  190  18:07  Immortal  
  194  18:14  Archon  
  198  18:20  Immortal  
  198  18:23  Shield Battery  
  198  18:33  High Templar  
  200  18:35  Assimilator  
  200  18:42  Tempest (Chrono Boost)  
  199  18:54  Assimilator  
  199  18:55  Photon Cannon x3  
  199  18:56  Assimilator  
  199  19:02  Dark Templar x2  
  195  19:10  Zealot x2  
  194  19:19  Zealot x3  
  190  19:29  Dark Templar  
  191  19:31  Zealot x2, High Templar  
  191  19:35  Archon  
  193  19:52  Dark Templar  
  191  20:03  Shield Battery  
  191  20:04  Photon Cannon, Shield Battery x2  
  191  20:13  Dark Templar x2  
  194  20:18  Unknown  
  193  20:22  Observer  
  193  20:24  Oracle (Chrono Boost)  
  193  20:26  Probe  
  193  20:27  Probe x2  
  200  20:34  Archon  
  194  21:05  Blink  
  194  21:16  Protoss Air Weapons Level 3 (Chrono Boost)  
  194  21:26  High Templar  
  194  21:53  Pylon, Tempest x2 (Chrono Boost)  
  194  21:56  Nexus  
  188  22:07  Pylon  
  188  22:13  Photon Cannon  
  188  22:14  Photon Cannon  
  188  22:16  Photon Cannon  
  188  22:18  Photon Cannon, Zealot, Dark Templar  
  188  22:19  Zealot x4  
  197  22:28  Dark Templar  
  185  22:30  Immortal x2 (Chrono Boost)  
  193  22:56  Tempest  
  189  23:44  Void Ray  
  159  23:50  Void Ray x2  
  121  24:04  Stalker x9  
  107  24:17  Void Ray  
  94  24:28  Stalker x4  
  94  24:29  Zealot x5  
  116  24:45  Observer  
  117  24:48  Stalker  
  117  24:49  Stalker x2, Zealot x3  
  127  24:59  Zealot x3  
  125  25:16  Zealot  
  125  25:17  Zealot x2  
  125  25:19  High Templar x2  
  125  25:20  Zealot  
  137  25:24  Archon  
  124  25:46  Zealot x4  
  124  25:47  Zealot x3  
  129  26:01  Stalker x2  

Tags
 
Add a new tag
Caveats
  • Supply blocks, unpowered buildings, or Contaminate may cause inaccurate times.
  • Supply counts are checked every 10 seconds.